 Dungeon Crawl Stone Soup version 0.21.1-1-g345015f (webtiles) character file.

8878 wilfster70 the Covert (level 11, -1/81 HPs)
             Began as a Gnoll Enchanter on July 12, 2018.
             Was an Elder of Vehumet.
             Killed from afar by a starcursed mass (7 damage)
             ... with an accursed screaming
             ... on level 1 of the Abyss on July 18, 2018.
             The game lasted 00:45:25 (10515 turns).

wilfster70 the Covert (Gnoll Enchanter)            Turns: 10515, Time: 00:45:26

Health: -1/81      AC: 10    Str: 13    XL:     11   Next: 37%
Magic:  23/23      EV: 16    Int: 19    God:    Vehumet [****..]
Gold:   243        SH:  0    Dex: 15    Spells: 9/26 levels left

rFire    . . .     SeeInvis .   b - +8 flail "Leusea Agag" {freeze, Stlth+}
rCold    + . .     Gourm    .   (no shield)
rNeg     . . .     Faith    .   y - +2 leather armour {rPois}
rPois    +         Spirit   .   (no helmet)
rElec    .         Reflect  .   l - +0 cloak
rCorr    .         Harm     .   B - +2 pair of gloves
MR       .....                  (no boots)
Stlth    +++++.....             (no amulet)
HPRegen  0.00/turn              D - ring of protection from fire
MPRegen  0.18/turn              f - ring of ice

@: non-regenerating, mildly diseased, hasted, very quick
A: distributed training, fangs 1, strong nose
a: Renounce Religion


You were on level 1 of the Abyss.
You worshipped Vehumet.
Vehumet was greatly pleased with you.
You were not hungry.

You visited 1 branch of the dungeon, and saw 10 of its levels.
You visited the Abyss 1 time.

You collected 419 gold pieces.
You spent 176 gold pieces at shops.

Inventory:

Hand Weapons
 a - a +5 dagger
 b - the +8 flail "Leusea Agag" (weapon) {freeze, Stlth+}
   (You took it off a crimson imp on level 7 of the Dungeon)

   It has been specially enchanted to freeze those struck by it, causing extra
   injury to most foes and up to half again as much damage against particularly
   susceptible opponents.
   It can also slow down cold-blooded creatures.
   It makes you more stealthy.
 n - a +4 short sword of venom
 t - a +2 short sword of holy wrath
 z - the +3 flail of the Many Ships {crush, rElec}
   (You found it on level 4 of the Dungeon)

   It inflicts extra damage upon your enemies.
   It insulates you from electricity.
Missiles
 p - 71 sling bullets
 q - 262 stones (quivered)
Armour
 l - a +0 cloak (worn)
 y - a +2 leather armour of poison resistance (worn)
 B - a +2 pair of gloves (worn)
Magical Staves
 C - an uncursed staff of wizardry
Jewellery
 f - a ring of ice (right hand)
 m - a +1 ring of protection
 x - an uncursed ring of magical power
 D - a ring of protection from fire (left hand)
 L - an uncursed ring of protection from cold {unknown}
Wands
 j - a wand of digging (38)
 I - a wand of polymorph (11)
 J - a wand of disintegration (17)
 K - a wand of random effects (10)
 M - a wand of flame (15)
Scrolls
 g - 2 scrolls of fear
 h - 2 scrolls of magic mapping
 i - 8 scrolls of remove curse
 k - 4 scrolls of identify
 u - 3 scrolls of fog
 F - 2 scrolls of teleportation
 H - 2 scrolls of noise {unknown}
Potions
 e - 2 potions of curing
 o - 3 potions of agility {unknown}
 r - 2 potions of haste
 s - a potion of lignification {unknown}
 v - 2 potions of magic
 w - 3 potions of heal wounds {unknown}
 A - a potion of degeneration {unknown}
 G - 2 potions of mutation {unknown}
 O - a potion of flight {unknown}
Books
 c - a book of Maledictions

   Spells                             Type                      Level
   a - Corona                         Hexes                        1
   b - Ensorcelled Hibernation        Hexes/Ice                    2
   c - Confuse                        Hexes                        3
   d - Tukima's Dance                 Hexes                        3
   e - Dazzling Spray                 Conjuration/Hexes            3
 E - a book of Cantrips

   Spells                             Type                      Level
   a - Confusing Touch                Hexes                        1
   b - Animate Skeleton               Necromancy                   1
   c - Summon Small Mammal            Summoning                    1
   d - Apportation                    Translocation                1
Comestibles
 d - 31 rations
 N - 5 chunks of flesh


   Skills:
 + Level 6.1 Fighting
 + Level 6.7 Short Blades
 + Level 6.1 Long Blades
 + Level 6.1 Axes
 + Level 6.1 Maces & Flails
 + Level 6.1 Polearms
 + Level 6.1 Staves
 + Level 6.1 Slings
 + Level 6.1 Bows
 + Level 6.1 Crossbows
 + Level 6.1 Throwing
 + Level 6.1 Armour
 + Level 7.7 Dodging
 + Level 8.6 Stealth
 + Level 6.1 Shields
 + Level 6.1 Unarmed Combat
 + Level 8.0 Spellcasting
 + Level 5.0 Conjurations
 + Level 7.5 Hexes
 + Level 5.0 Charms
 + Level 5.0 Summonings
 + Level 5.0 Necromancy
 + Level 5.0 Translocations
 + Level 5.0 Transmutations
 + Level 5.0 Fire Magic
 + Level 5.0 Ice Magic
 + Level 5.0 Air Magic
 + Level 5.0 Earth Magic
 + Level 5.0 Poison Magic
 + Level 6.7 Invocations
 + Level 6.1 Evocations


You had 9 spell levels left.
You knew the following spells:

 Your Spells              Type           Power        Failure   Level  Hunger
a - Sandblast             Erth           ####..       1%          1    None
b - Ensorcelled Hibernat  Hex/Ice        #####.       1%          2    None
c - Confuse               Hex            #####...     1%          3    None
d - Corona                Hex            #####..      1%          1    None
e - Tukima's Dance        Hex            #####...     1%          3    None
f - Ignite Poison         Fire/Tmut/Pois ####....     1%          3    None
g - Airstrike             Air            ####......   4%          4    ###....


Dungeon Overview and Level Annotations

Branches:
Dungeon (10/15)            Temple (0/1) D:6            Lair (0/6) D:8
    Orc (0/2) D:9

Altars:
Cheibriados
Elyvilon
Fedhas
Kikubaaqudgha
Nemelex Xobeh
Okawaru
Sif Muna
Trog
Vehumet
Zin

Shops:
D:5 [   D:10 %

Annotations:
D:10 Psyche


Innate Abilities, Weirdness & Mutations

Your experience applies equally to all skills.
You have very sharp teeth.
Your uncanny sense of smell can sniff out nearby items.


Message History

A starcursed mass splits.
A starcursed mass splits.
A chorus of shrieks assaults your mind.
* * * LOW HITPOINT WARNING * * *
A worldbinder comes into view.
The worldbinder moves out of view.
Found a club.
You feel yourself speed up.
The iron imp shouts, "Slither home, thou odious bat-fowling vulture!"
A starcursed mass splits.
A chorus of shrieks assaults your mind.
* * * LOW HITPOINT WARNING * * *
Found 40 gold pieces.
You see here a club.
A white draconian comes into view. It is wielding a long sword.
A starcursed mass splits.
A chorus of shrieks assaults your mind.
* * * LOW HITPOINT WARNING * * *
A chorus of shrieks assaults your mind.
You die...

.. .## ∆ ####..#
# ##....##..#
#.#........#
##...#.#.#. # ##
#.#...#..# #
#.##.X.#.#..#
###.@##..#.#.#
#....#..##...§
.####X.##X.#5...#
....X....X.. ###
.#...#..#..##.#
...#..)#.#...#
......##.#... #.
#.##### #. .....
..#.## ...... ...


You could see 3 starcursed masses.

Vanquished Creatures
  2 two-headed ogres
  A gargoyle (D:10)
  A komodo dragon (D:8)
  An ancient zyme (Abyss:1)
  The ghost of Ethylacetat the Poker, an amateur NaGl (D:4)
  Grinder (D:3)
  A hippogriff (D:10)
  Sigmund (D:2)
  4 yaks (D:9)
  2 steam dragons
  A water moccasin (D:10)
  Duvessa (D:4)
  3 sky beasts
  An orc warrior (D:9)
  2 ice beasts
  6 ogres
  3 phantoms
  A necrophage (D:5)
  The ghost of RottenKnight the Conjurer, an amateur DrCj (D:3)
  A centaur (D:7)
  3 big kobolds
  4 bullfrogs
  3 scorpions
  Dowan (D:4)
  28 killer bees
  3 howler monkeys
  2 crimson imps (D:7)
  4 bullfrog zombies
  A centaur zombie (D:8)
  4 hounds
  Crazy Yiuf (D:5)
  4 bullfrog skeletons
  A gnoll shaman (D:8)
  2 orc priests (D:8)
  5 jellies
  4 orc wizards
  Ijyb (D:5)
  5 iguanas
  5 worker ants
  A hound zombie (D:8)
  3 hound skeletons
  2 worker ant zombies
  11 gnolls
  10 adders
  4 shadow imps
  2 oozes
  An adder zombie (D:8)
  An adder skeleton (D:4)
  4 worms
  A dart slug (D:3)
  5 leopard geckos
  10 orcs
  3 bat zombies (D:6)
  9 giant cockroaches
  6 goblins
  10 hobgoblins
  28 kobolds
  5 quokkas
  5 bats
  3 frilled lizards (D:2)
  A leopard gecko zombie (D:8)
  6 rats
  A rat zombie (D:6)
248 creatures vanquished.

Vanquished Creatures (others)
  A plant (D:8)
1 creature vanquished.

Grand Total: 249 creatures vanquished

Notes
Turn   | Place    | Note
-------+----------+-------------------------------------------
     0 | D:1      | wilfster70 the Gnoll Enchanter began the quest for the Orb.
     0 | D:1      | Reached XP level 1. HP: 13/13 MP: 6/6
   103 | D:1      | Reached XP level 2. HP: 11/19 MP: 7/7
   107 | D:1      | Learned a level 2 spell: Ensorcelled Hibernation
  1010 | D:2      | Reached skill level 5 in Spellcasting
  1010 | D:2      | Reached XP level 3. HP: 25/25 MP: 3/9
  1230 | D:2      | Reached skill level 1 in Invocations
  1304 | D:2      | Found a sparkling altar of Nemelex Xobeh.
  1482 | D:2      | Reached skill level 1 in Fighting
  1482 | D:2      | Reached skill level 1 in Long Blades
  1482 | D:2      | Reached skill level 1 in Axes
  1482 | D:2      | Reached skill level 1 in Maces & Flails
  1482 | D:2      | Reached skill level 1 in Polearms
  1482 | D:2      | Reached skill level 1 in Staves
  1482 | D:2      | Reached skill level 1 in Slings
  1482 | D:2      | Reached skill level 1 in Bows
  1482 | D:2      | Reached skill level 1 in Crossbows
  1482 | D:2      | Reached skill level 1 in Throwing
  1482 | D:2      | Reached skill level 1 in Armour
  1482 | D:2      | Reached skill level 1 in Shields
  1482 | D:2      | Reached skill level 1 in Unarmed Combat
  1482 | D:2      | Reached skill level 1 in Evocations
  1663 | D:2      | Reached XP level 4. HP: 23/32 MP: 3/11
  1754 | D:2      | Noticed Sigmund
  1764 | D:2      | Killed Sigmund
  1764 | D:2      | Reached skill level 1 in Conjurations
  1764 | D:2      | Reached skill level 1 in Charms
  1764 | D:2      | Reached skill level 1 in Summonings
  1764 | D:2      | Reached skill level 1 in Necromancy
  1764 | D:2      | Reached skill level 1 in Translocations
  1764 | D:2      | Reached skill level 1 in Transmutations
  1764 | D:2      | Reached skill level 1 in Fire Magic
  1764 | D:2      | Reached skill level 1 in Ice Magic
  1764 | D:2      | Reached skill level 1 in Air Magic
  1764 | D:2      | Reached skill level 1 in Earth Magic
  1764 | D:2      | Reached skill level 1 in Poison Magic
  1764 | D:2      | Reached XP level 5. HP: 29/37 MP: 5/12
  2082 | D:3      | Reached XP level 6. HP: 44/44 MP: 10/13
  2094 | D:3      | Noticed RottenKnight's ghost (amateur DrCj)
  2114 | D:3      | Learned a level 3 spell: Confuse
  2136 | D:3      | Found a white marble altar of Elyvilon.
  2203 | D:3      | Killed RottenKnight's ghost
  2357 | D:3      | Noticed Grinder
  2372 | D:3      | Killed Grinder
  2372 | D:3      | Reached skill level 5 in Dodging
  2372 | D:3      | Reached XP level 7. HP: 44/50 MP: 8/15
  2406 | D:3      | Found a radiant altar of Vehumet.
  2429 | D:3      | Became a worshipper of Vehumet
  3008 | D:3      | Found a snail-covered altar of Cheibriados.
  3306 | D:4      | Got a smoking flail
  3307 | D:4      | Identified the +3 flail of the Many Ships {crush, rElec} (You found it on level 4 of the Dungeon)
  3497 | D:4      | Noticed Duvessa
  3497 | D:4      | Noticed Dowan
  3499 | D:4      | Killed Dowan
  3508 | D:4      | Noticed Ethylacetat's ghost (amateur NaGl)
  3539 | D:4      | Killed Duvessa
  3539 | D:4      | Reached XP level 8. HP: 25/57 MP: 16/16
  3818 | D:4      | Found a glowing silver altar of Zin.
  4093 | D:4      | Killed Ethylacetat's ghost
  4292 | D:5      | Entered Level 5 of the Dungeon
  4454 | D:5      | Noticed Ijyb
  4461 | D:5      | Killed Ijyb
  4461 | D:5      | Reached * piety under Vehumet
  4461 | D:5      | Offered knowledge of Sandblast by Vehumet.
  4468 | D:5      | Learned a level 1 spell: Sandblast
  5176 | D:5      | Found Epainat's Armour Emporium.
  5179 | D:5      | Bought a +2 leather armour of poison resistance for 176 gold pieces
  5283 | D:5      | Found a runed door.
  5287 | D:5      | Noticed Crazy Yiuf
  5291 | D:5      | Killed Crazy Yiuf
  5368 | D:6      | Reached XP level 9. HP: 65/65 MP: 18/18
  5485 | D:6      | Found a staircase to the Ecumenical Temple.
  5514 | D:6      | Learned a level 3 spell: Tukima's Dance
  5540 | D:6      | Found a blossoming altar of Fedhas.
  5547 | D:6      | Noticed a two-headed ogre
  5556 | D:6      | Killed a two-headed ogre
  5556 | D:6      | Reached skill level 5 in Short Blades
  6067 | D:6      | Found an ancient bone altar of Kikubaaqudgha.
  6071 | D:6      | Reached ** piety under Vehumet
  6351 | D:6      | Found an iron altar of Okawaru.
  6367 | D:6      | Offered knowledge of Sting by Vehumet.
  6487 | D:7      | Reached skill level 5 in Invocations
  6875 | D:7      | Reached XP level 10. HP: 73/73 MP: 14/20
  6878 | D:7      | Got a translucent flail {freeze}
  6879 | D:7      | Identified the +8 flail "Leusea Agag" {freeze, Stlth+} (You took it off a crimson imp on level 7 of the Dungeon)
  7150 | D:7      | Offered knowledge of Ignite Poison by Vehumet.
  7179 | D:7      | Reached skill level 5 in Fighting
  7179 | D:7      | Reached skill level 5 in Long Blades
  7179 | D:7      | Reached skill level 5 in Axes
  7179 | D:7      | Reached skill level 5 in Maces & Flails
  7179 | D:7      | Reached skill level 5 in Polearms
  7179 | D:7      | Reached skill level 5 in Staves
  7179 | D:7      | Reached skill level 5 in Slings
  7179 | D:7      | Reached skill level 5 in Bows
  7179 | D:7      | Reached skill level 5 in Crossbows
  7179 | D:7      | Reached skill level 5 in Throwing
  7179 | D:7      | Reached skill level 5 in Armour
  7179 | D:7      | Reached skill level 5 in Shields
  7179 | D:7      | Reached skill level 5 in Unarmed Combat
  7179 | D:7      | Reached skill level 5 in Evocations
  7737 | D:8      | Noticed a two-headed ogre
  7746 | D:8      | Killed a two-headed ogre
  8008 | D:8      | Reached *** piety under Vehumet
  8519 | D:8      | Learned a level 3 spell: Ignite Poison
  8583 | D:8      | Found a staircase to the Lair.
  8806 | D:8      | Offered knowledge of Airstrike by Vehumet.
  8976 | D:9      | Found a staircase to the Orcish Mines.
  9064 | D:9      | Reached XP level 11. HP: 72/81 MP: 15/22
  9154 | D:9      | Learned a level 4 spell: Airstrike
  9478 | D:9      | Reached **** piety under Vehumet
  9820 | D:9      | Found a bloodstained altar of Trog.
 10224 | D:9      | Offered knowledge of Lightning Bolt by Vehumet.
 10256 | D:9      | Found a deep blue altar of Sif Muna.
 10326 | D:10     | Entered Level 10 of the Dungeon
 10326 | D:10     | Found Litiveco's Food Shop.
 10332 | D:10     | Reached skill level 5 in Conjurations
 10332 | D:10     | Reached skill level 5 in Charms
 10332 | D:10     | Reached skill level 5 in Summonings
 10332 | D:10     | Reached skill level 5 in Necromancy
 10332 | D:10     | Reached skill level 5 in Translocations
 10332 | D:10     | Reached skill level 5 in Transmutations
 10332 | D:10     | Reached skill level 5 in Fire Magic
 10332 | D:10     | Reached skill level 5 in Ice Magic
 10332 | D:10     | Reached skill level 5 in Air Magic
 10332 | D:10     | Reached skill level 5 in Earth Magic
 10332 | D:10     | Reached skill level 5 in Poison Magic
 10391 | D:10     | Noticed Psyche
 10402 | D:10     | Cast into level 1 of the Abyss (Psyche)
 10466 | Abyss:1  | Noticed a wretched star
 10486 | Abyss:1  | Noticed a starcursed mass
 10496 | Abyss:1  | Noticed a worldbinder
 10509 | Abyss:1  | Noticed a white draconian
 10515 | Abyss:1  | Killed from afar by a starcursed mass

Skill      XL: |  1  2  3  4  5  6  7  8  9 10 11 |
---------------+----------------------------------+-----
Spellcasting   | 5 6 7 8 |  8.0
Stealth        | 6 7 8 |  8.6
Invocations    | 1 2 3 4 5 6 |  6.7
Fighting       | 1 2 3 4 5 6 |  6.1
Long Blades    | 1 2 3 4 5 6 |  6.1
Axes           | 1 2 3 4 5 6 |  6.1
Maces & Flails | 1 2 3 4 5 6 |  6.1
Polearms       | 1 2 3 4 5 6 |  6.1
Staves         | 1 2 3 4 5 6 |  6.1
Slings         | 1 2 3 4 5 6 |  6.1
Bows           | 1 2 3 4 5 6 |  6.1
Crossbows      | 1 2 3 4 5 6 |  6.1
Throwing       | 1 2 3 4 5 6 |  6.1
Armour         | 1 2 3 4 5 6 |  6.1
Shields        | 1 2 3 4 5 6 |  6.1
Unarmed Combat | 1 2 3 4 5 6 |  6.1
Evocations     | 1 2 3 4 5 6 |  6.1
Short Blades   | 3 4 5 6 |  6.7
Conjurations   | 1 2 3 4 5 |  5.0
Charms         | 1 2 3 4 5 |  5.0
Summonings     | 1 2 3 4 5 |  5.0
Necromancy     | 1 2 3 4 5 |  5.0
Translocations | 1 2 3 4 5 |  5.0
Transmutations | 1 2 3 4 5 |  5.0
Fire Magic     | 1 2 3 4 5 |  5.0
Ice Magic      | 1 2 3 4 5 |  5.0
Air Magic      | 1 2 3 4 5 |  5.0
Earth Magic    | 1 2 3 4 5 |  5.0
Poison Magic   | 1 2 3 4 5 |  5.0
Dodging        | 5 6 7 |  7.7
Hexes          | 6 7 |  7.5

Action                   |  1- 3 |  4- 6 |  7- 9 | 10-12 || total
-------------------------+-------+-------+-------+-------++-------
Melee: Dagger            |    92 |    10 |    84 |    74 ||   260
       Bite              |     8 |     1 |    19 |    11 ||    39
       Short sword       |       |     9 |   132 |   106 ||   247
       Punch             |       |     1 |     2 |     2 ||     5
       Flail             |       |       |     4 |    22 ||    26
Throw: Stone             |       |       |     2 |     1 ||     3
 Cast: Ensorcelled Hiber |    14 |    10 |    52 |   101 ||   177
       Confuse           |       |     6 |    16 |     1 ||    23
       Sandblast         |       |       |    29 |    20 ||    49
  Use: Scroll            |       |    11 |       |     2 ||    13
       Potion            |       |       |     3 |     3 ||     6
 Stab: Sleeping          |    20 |     8 |    60 |    74 ||   162
       Confused          |       |     1 |     7 |       ||     8
  Eat: Chunk             |     2 |     2 |    12 |     8 ||    24
       Ration            |       |       |     1 |     1 ||     2
Armor: Robe              |    11 |     1 |    17 |       ||    29
       Leather armour    |       |       |    27 |    61 ||    88
Dodge: Dodged            |    48 |    14 |   149 |   234 ||   445
